Map: [ESL] Ghost River

Players

Holden

  • Race: Protoss Protoss
  • Spawn Location: 11:00

Scarlett - Winner!

  • Race: Zerg Zerg
  • Spawn Location: 1:00

Event: ESL Spring 2024 Finals

VOD

Have the link to the VOD?

Description

Time

  • Played on: May 31, 2024, 5:07 p.m.
  • Length: 12:18

All games in this series

Show
View Real Time Build Order
Export as new Build Order

Holden Protoss 

Build Orders: 1 Gate Expand, Oracle Opening 

Get SALT Encoding   

  12  0:00  Probe  
  13  0:12  Probe  
  14  0:18  Pylon  
  14  0:24  Probe (Chrono Boost)  
  15  0:37  Probe (Chrono Boost)  
  15  0:40  Gateway  
  16  0:45  Probe (Chrono Boost)  
  17  0:50  Assimilator  
  17  0:53  Probe  
  18  1:05  Probe  
  19  1:17  Probe  
  20  1:26  Nexus  
  20  1:36  Cybernetics Core  
  20  1:39  Probe  
  21  1:47  Assimilator  
  21  1:51  Probe  
  21  1:53  Pylon  
  22  2:03  Probe  
  23  2:09  Adept (Chrono Boost)  
  23  2:15  Probe  
  26  2:23  Stargate  
  26  2:28  Probe (Chrono Boost)  
  26  2:29  Adept (Chrono Boost)  
  29  2:37  Warp Gate  
  29  2:38  Probe (Chrono Boost)  
  31  2:45  Probe (Chrono Boost)  
  31  2:47  Probe (Chrono Boost)  
  32  2:52  Adept, Probe x2 (Chrono Boost)  
  36  3:03  Probe  
  36  3:04  Probe  
  38  3:10  Oracle (Chrono Boost)  
  38  3:15  Probe  
  38  3:16  Probe  
  43  3:23  Pylon  
  39  3:27  Probe  
  39  3:29  Gateway, Probe  
  41  3:37  Oracle (Chrono Boost)  
  41  3:40  Pylon, Probe  
  41  3:41  Probe  
  46  3:52  Probe  
  46  3:53  Probe  
  48  4:00  Twilight Council  
  48  4:03  Gateway  
  48  4:04  Gateway, Probe  
  48  4:05  Probe  
  50  4:17  Probe, Pylon  
  50  4:18  Probe  
  52  4:26  Nexus  
  52  4:28  Pylon  
  52  4:29  Probe  
  53  4:34  Adept x2  
  53  4:37  Resonating Glaives (Chrono Boost), Probe  
  58  4:42  Probe  
  59  4:49  Probe  
  59  4:51  Shield Battery  
  60  4:54  Probe  
  60  4:55  Adept x2  
  60  4:57  Assimilator  
  60  4:58  Adept  
  60  4:59  Assimilator  
  67  5:03  Adept  
  67  5:04  Probe  
  70  5:09  Probe  
  70  5:10  Pylon  
  71  5:15  Adept x2  
  71  5:16  Probe  
  71  5:21  Probe  
  76  5:27  Adept  
  76  5:28  Adept, Probe  
  80  5:33  Pylon  
  80  5:34  Pylon  
  80  5:38  Adept x2  
  80  5:40  Probe x2  
  86  5:46  Probe  
  86  5:47  Adept  
  86  5:48  Adept  
  91  5:52  Probe x2  
  93  5:58  Probe  
  94  6:04  Probe x2  
  94  6:05  Adept x2  
  94  6:07  Robotics Facility  
  94  6:10  Probe  
  101  6:17  Probe  
  101  6:18  Probe  
  103  6:22  Probe  
  104  6:27  Robotics Facility  
  104  6:29  Probe  
  104  6:30  Probe  
  98  6:34  Probe  
  93  6:41  Probe  
  93  6:42  Probe  
  93  6:46  Probe  
  90  6:48  Stalker x3  
  90  6:49  Stalker, Pylon  
  90  6:52  Immortal (Chrono Boost)  
  90  6:53  Probe  
  87  6:54  Shield Battery, Probe  
  87  6:57  Shield Battery  
  87  6:59  Void Ray (Chrono Boost)  
  94  7:02  Shield Battery  
  94  7:04  Pylon  
  94  7:08  Gateway  
  94  7:09  Gateway  
  94  7:11  Assimilator  
  94  7:13  Shield Battery  
  94  7:14  Assimilator, Immortal (Chrono Boost)  
  98  7:20  Blink (Chrono Boost)  
  98  7:21  Stalker x3  
  104  7:25  Observer  
  104  7:27  Stalker  
  107  7:36  Forge  
  107  7:42  Immortal (Chrono Boost)  
  107  7:43  Pylon  
  111  7:47  Shield Battery  
  115  7:52  Stalker x3, Immortal (Chrono Boost)  
  121  8:00  Stalker  
  121  8:04  Stalker  
  125  8:08  Stalker  
  125  8:10  Warp Prism (Chrono Boost)  
  129  8:17  Stalker x2, Immortal  
  137  8:27  Pylon  
  137  8:31  Stalker x2, Pylon  
  137  8:32  Pylon  
  137  8:33  Pylon  
  141  8:35  Protoss Ground Weapons Level 1 (Chrono Boost)  
  134  8:51  Stalker x4  
  113  9:04  Immortal  
  113  9:07  Stalker x2  
  113  9:08  Immortal  
  121  9:15  Templar Archives  
  121  9:17  Sentry  
  121  9:18  Zealot x3  
  128  9:37  Charge (Chrono Boost)  
  128  9:42  Psionic Storm  
  128  9:43  Pylon  
  126  9:46  Warp Prism (Chrono Boost), Nexus  
  126  9:48  Immortal (Chrono Boost)  
  126  9:49  Pylon  
  132  9:56  High Templar  
  134  10:04  Photon Cannon  
  134  10:05  Shield Battery  
  134  10:12  Shield Battery  
  134  10:13  Probe x2, Photon Cannon  
  136  10:15  Immortal  
  136  10:17  Photon Cannon  
  140  10:23  Immortal  
  140  10:26  Zealot  
  146  10:30  Zealot x2  
  146  10:35  High Templar x3  
  152  10:49  Nexus  
  152  10:51  Pylon  
  152  10:54  Observer  
  153  11:01  High Templar x2  
  157  11:08  Zealot x4  
  163  11:12  Archon  
  163  11:14  Immortal (Chrono Boost)  
  139  11:33  Zealot x5  
  139  11:38  Probe  
  146  11:40  Zealot  
  131  11:50  Nexus  
  125  11:56  High Templar x3  
  125  12:01  High Templar  
  132  12:04  Observer (Chrono Boost)  
Show
View Real Time Build Order
Export as new Build Order

Scarlett Zerg - Winner!

Build Orders: Hatch First, Lurkers 

Get SALT Encoding   

  12  0:00  Drone  
  13  0:13  Overlord  
  13  0:18  Drone  
  14  0:31  Drone x2  
  16  0:44  Drone  
  17  0:50  Hatchery  
  17  0:54  Drone  
  17  0:57  Drone  
  18  1:09  Extractor  
  17  1:13  Spawning Pool  
  17  1:15  Drone  
  17  1:19  Drone  
  18  1:29  Drone  
  19  1:43  Drone  
  20  1:50  Overlord  
  20  2:00  Queen  
  22  2:02  Zergling x2, Queen  
  22  2:03  Drone  
  26  2:13  Zergling x2  
  26  2:15  Drone, Metabolic Boost  
  28  2:25  Drone  
  28  2:26  Drone  
  30  2:34  Drone  
  31  2:38  Queen  
  31  2:43  Hatchery  
  32  2:46  Zergling x2  
  32  2:50  Overlord  
  33  2:55  Zergling x2  
  33  2:57  Zergling x4  
  36  3:10  Drone x4  
  39  3:20  Drone x3  
  40  3:27  Overlord  
  40  3:28  Queen  
  40  3:33  Drone  
  43  3:43  Overlord  
  43  3:46  Drone x6  
  49  3:50  Spore Crawler  
  48  3:56  Queen  
  50  4:05  Drone x3  
  52  4:12  Drone x2  
  53  4:19  Drone x4  
  53  4:20  Drone  
  53  4:21  Drone  
  53  4:22  Drone  
  53  4:23  Drone  
  60  4:25  Queen  
  60  4:29  Spore Crawler  
  60  4:35  Overlord  
  60  4:36  Drone  
  60  4:37  Drone x2  
  63  4:39  Drone  
  64  4:47  Drone  
  64  4:50  Overlord  
  64  4:52  Overlord  
  65  4:56  Extractor  
  65  4:57  Overlord x4  
  65  4:58  Roach Warren, Drone, Extractor  
  63  5:03  Drone x5  
  63  5:05  Drone x2  
  69  5:10  Lair  
  69  5:13  Drone x3  
  72  5:18  Drone x3  
  72  5:19  Extractor  
  74  5:24  Zergling x6, Extractor  
  76  5:34  Overlord  
  76  5:38  Drone x5  
  76  5:40  Drone x3  
  83  5:47  Evolution Chamber, Roach x5  
  83  5:48  Extractor  
  91  5:57  Evolution Chamber  
  91  5:58  Roach  
  91  6:00  Spore Crawler, Roach x2  
  94  6:08  Roach x5  
  104  6:12  Roach x4  
  110  6:19  Roach  
  110  6:20  Roach x2  
  108  6:27  Roach x3  
  113  6:33  Drone x2  
  113  6:35  Spore Crawler  
  113  6:39  Drone x3  
  109  6:44  Drone  
  107  6:49  Drone x2  
  104  6:57  Drone x3  
  104  7:00  Drone  
  108  7:04  Glial Reconstitution, Zerg Missile Weapons Level 1  
  108  7:08  Drone  
  108  7:09  Drone x2  
  108  7:10  Overseer  
  108  7:13  Drone x3  
  114  7:17  Drone x3  
  117  7:26  Hatchery  
  117  7:29  Drone x4  
  120  7:35  Drone x5  
  125  7:41  Drone  
  125  7:42  Drone x4  
  130  7:46  Infestation Pit  
  130  7:49  Hydralisk Den  
  130  7:50  Roach  
  130  7:54  Overlord x3  
  130  7:56  Overlord x2  
  130  7:59  Overlord  
  130  8:09  Overlord x3  
  130  8:12  Queen  
  132  8:17  Extractor  
  132  8:18  Extractor  
  130  8:21  Hydralisk x2, Lurker Den  
  130  8:22  Hydralisk x3  
  130  8:26  Roach x3  
  145  8:30  Ravager x3  
  145  8:31  Zergling x6  
  159  8:41  Roach x4  
  151  8:51  Roach x6  
  146  8:57  Roach x3  
  136  9:06  Overseer  
  134  9:14  Spore Crawler, Hive  
  134  9:16  Drone x12  
  145  9:30  Drone  
  146  9:35  Spine Crawler  
  145  9:43  Hydralisk x10  
  145  9:45  Zergling x2  
  164  9:48  Lurker x3  
  167  9:54  Zerg Missile Weapons Level 2  
  167  10:03  Hydralisk x4  
  167  10:07  Muscular Augments  
  175  10:10  Hatchery  
  174  10:16  Nydus Network  
  174  10:18  Zergling x2  
  174  10:19  Zergling x18  
  182  10:22  Lurker x2  
  184  10:30  Seismic Spines  
  184  10:43  Lurker x2  
  184  10:46  Overlord x2  
  184  10:47  Zergling x14  
  191  10:58  Nydus Canal  
  191  11:00  Overlord x2  
  191  11:10  Grooved Spines  
  191  11:15  Nydus Canal  
  189  11:21  Hydralisk x8  
  179  11:31  Overseer  
  173  11:35  Nydus Canal  
  173  11:45  Hydralisk x9  
  173  11:58  Zergling x34  
  173  12:00  Overseer  
  197  12:02  Overseer  
  197  12:06  Lurker  
Tags
 
Add a new tag
Caveats
  • Supply blocks, unpowered buildings, or Contaminate may cause inaccurate times.
  • Supply counts are checked every 10 seconds.